 Dungeon Crawl Stone Soup version 0.29-a0-653-gd47aff6735 (webtiles) character file.

Game seed: 8618507707774091851

582 ytrimaz the Chopper (level 7, -15/52 HPs)
             Began as a Formicid Fighter on June 21, 2022.
             Demolished by Edmund
             ... wielding a +5 flail of protection
              (18 damage)
             ... on level 5 of the Dungeon.
             The game lasted 00:05:39 (4697 turns).

ytrimaz the Chopper (Formicid Fighter)              Turns: 4697, Time: 00:05:40

Health: -15/52     AC:  8    Str: 22    XL:     7   Next: 63%
Magic:  7/7        EV:  9    Int:  8    God:
Gold:   247        SH:  5    Dex: 13    Spells: 6/6 levels left

rFire   . . .      SeeInvis +   a - +0 war axe
rCold   . . .      Faith    .   c - +0 buckler
rNeg    . . .      Spirit   .   b - +0 scale mail
rPois   .          Reflect  .   (helmet unavailable)
rElec   .          Harm     .   (no cloak)
rCorr   .          Rampage  .   (no gloves)
Will    .....                   l - +0 pair of boots
Stlth   ..........              (no amulet)
HPRegen 0.17/turn               (no ring)
MPRegen 0.10/turn               (no ring)

@: brilliant
A: permanent stasis, dig shafts and tunnels, antennae 3, four strong arms,
screaming 1
a: Dig, Shaft Self


You were on level 5 of the Dungeon.
You visited 2 branches of the dungeon, and saw 6 of its levels.

You collected 247 gold pieces.

Inventory:

Hand Weapons
 a - a +0 war axe (weapon)
Missiles
 g - 7 boomerangs
Armour
 b - a +0 scale mail (worn)
 c - a +0 buckler (worn)
 l - a +0 pair of boots (worn)
Scrolls
 d - a scroll of immolation
 f - 3 scrolls of fog
 i - a scroll of noise
Potions
 h - 2 potions of attraction
 j - 3 potions of curing


   Skills:
 - Level 3.2 Fighting
 * Level 7.9 Axes
 - Level 3.2 Armour
 - Level 4.0 Shields


You had 6 spell levels left.
You didn't know any spells.
Your spell library contained the following spells:

 Spells                   Type           Power      Damage    Failure   Level
 Sublimation of Blood     Necr           0%         N/A       91%         2
 Wereblood                Tmut           0%         N/A       91%         2
 Conjure Flame            Conj/Fire      0%         6-21      99%         3
 Ignite Poison            Fire/Tmut/Pois 0%         N/A       99%         3
 Sticky Flame             Conj/Fire      0%         2d3       100%        4
 Summon Hydra             Summ           0%         N/A       100%        7


Dungeon Overview and Level Annotations

Branches:
Dungeon (5/15)             Temple (1/1) D:4

Altars:
Ashenzari
Cheibriados
Dithmenos
Gozag
Kikubaaqudgha
Makhleb
Nemelex Xobeh
Qazlal
Sif Muna
Wu Jian
Xom
Yredelemnul
Zin
The Shining One

Shops:
D:4 *

Annotations:
D:5 Edmund


Innate Abilities, Weirdness & Mutations

You cannot be hasted, slowed, berserked, paralysed or teleported.
You can dig through walls and to a lower floor.
You have a pair of large antennae on your head. (SInv)
Your four strong arms can wield two-handed weapons with a shield.
You occasionally shout uncontrollably at your foes.


Message History

Edmund hits you but does no damage.
You hit Edmund but do no damage.
Edmund is moderately wounded.
Edmund hits you but does no damage.
You barely miss Edmund.
Edmund is moderately wounded.
Your transformation is almost over.
Edmund hits you with a +5 flail of protection!
* * * LOW HITPOINT WARNING * * *
You slash Edmund!
Edmund is heavily wounded.
Edmund hits you with a +5 flail of protection.
* * * LOW HITPOINT WARNING * * *
You hit Edmund.
Edmund is heavily wounded.
Edmund hits you but does no damage.
Unknown command.
The air fills with toxic fumes!
As you read the scroll labelled REC CUIRUXOAT, it crumbles to dust.
It was a scroll of poison.
You block Edmund's attack.
Unknown command.
Unknown command.
You hit Edmund but do no damage.
Edmund is heavily wounded.
Edmund hits you but does no damage.
You closely miss Edmund.
Edmund is heavily wounded.
Edmund hits you but does no damage. You block Edmund's attack.
You slash Edmund!
Edmund is severely wounded.
Edmund gestures with his flail.
Edmund hits you with a +5 flail of protection!
* * * LOW HITPOINT WARNING * * *
You hit Edmund but do no damage.
Edmund is severely wounded.
You feel less wooden.
Your +0 pair of boots unmelds from your body.
Your +0 scale mail unmelds from your body.
Edmund hits you with a +5 flail of protection!!
You die...

#. #....####..≈§...§..
#.##...§§§§#§.§.≈...≈.
#......§§§§§☼.≈.≈._.≈.
#.....#☼§§§§§.≈.≈...≈.
#
#.....#☼§§§§§.≈....§§.
#§#
#..§§§§§...≈.≈≈§≈§.
§§§§####§§☼...........
#§§§§§§###......####
#§§§§@## ###......
#§§##@# ##...## ## ☼§§
#### §§§§§ §§☼§§#§
§##§§§### §# ##§## §#
#§#


You could see Edmund (strong).

Vanquished Creatures
  2 black bears
  A jelly (D:4)
  An orc priest (D:4)
  A hound (D:5)
  An orc wizard (D:4)
  Robin (D:2)
  7 adders
  9 gnolls
  2 worms (D:3)
  2 dart slugs
  4 orcs
  8 endoplasms
  3 giant cockroaches
  16 goblins
  8 hobgoblins
  2 jackals (D:2)
  11 kobolds
  8 quokkas
  12 ball pythons
  4 bats
  A frilled lizard (D:1)
  11 rats
115 creatures vanquished.

Vanquished Creatures (others)
  33 plants (D:3)
33 creatures vanquished.

Grand Total: 148 creatures vanquished

Notes
Turn   | Place    | Note
-------+----------+-------------------------------------------
     0 | D:1      | ytrimaz the Formicid Fighter began the quest for the Orb.
     0 | D:1      | Reached XP level 1. HP: 18/18 MP: 1/1
    23 | D:1      | Reached XP level 2. HP: 19/24 MP: 2/2
    33 | D:1      | Reached skill level 3 in Axes
   410 | D:1      | Reached XP level 3. HP: 29/29 MP: 3/3
   786 | D:2      | Noticed Robin
   800 | D:2      | Reached skill level 4 in Axes
   800 | D:2      | Reached XP level 4. HP: 12/35 MP: 4/4
   801 | D:2      | Gained mutation: You occasionally shout uncontrollably at
                  | your foes. [potion of mutation]
   806 | D:2      | Killed Robin
  1454 | D:2      | Reached XP level 5. HP: 41/41 MP: 5/5
  1770 | D:3      | Reached skill level 5 in Axes
  2540 | D:3      | Noticed a black bear
  2551 | D:3      | Killed a black bear
  2552 | D:3      | Reached skill level 6 in Axes
  2552 | D:3      | Reached XP level 6. HP: 43/47 MP: 6/6
  3073 | D:3      | Found an ornate altar of the Wu Jian Council.
  3686 | D:4      | Reached skill level 7 in Axes
  3686 | D:4      | Reached XP level 7. HP: 35/52 MP: 7/7
  3940 | D:4      | Found a staircase to the Ecumenical Temple.
  3974 | Temple   | Entered the Ecumenical Temple
  4086 | D:4      | Found an opulent altar of Gozag.
  4090 | D:4      | Found Gozag's Platinum Reserve.
  4424 | D:4      | Found a broken altar of Ashenzari.
  4572 | D:5      | Entered Level 5 of the Dungeon
  4634 | D:5      | Found a stormy altar of Qazlal.
  4672 | D:5      | Noticed Edmund
  4697 | D:5      | Demolished by Edmund

Illustrated notes

Levels and vault maps discovered:
D:1:      ebering_hopf_link, layout_rooms, serial_forest,
          infiniplex_forest_straight_2, infiniplex_forest_clump_small,
          infiniplex_forest_clump_small, infiniplex_forest_corner_1,
          infiniplex_forest_straight_5, infiniplex_forest_clump_curved,
          amcnicky_mini_rare_corridor_liquid, minmay_small_reverse_x
D:2:      layout_basic, uniq_robin
D:3:      wad_woods_tower, layout_basic, nzn_wu_jian_council_hall
D:4:      layout_loops_ring, lemuel_doored_altar,
          nicolae_gozag_zags_fifth_avenue, minmay_temple_entry_metal_lava,
          minmay_misc_feat_x
D:5:      layout_cave_pools, grunt_temple_overflow_bloody_war,
          mainiacjoe_overflow_cross_hatched, nicolae_ru_sacrificial_ziggurat,
          uniq_edmund, uniq_ijyb
Temple:   eino_temple_lava

Skill      XL: |  1  2  3  4  5  6 |
---------------+-------------------+-----
Axes           | 3 4 6 7 |  7.9
Fighting       | |  3.2
Armour         | |  3.2
Shields        | |  4.0

Action                   |  1- 3 |  4- 6 |  7- 9 || total
-------------------------+-------+-------+-------++-------
Melee: War axe           |    47 |   150 |    87 ||   284
  Use: Potion            |     2 |     4 |     2 ||     8
       Scroll            |     1 |     5 |     1 ||     7
Armor: Scale mail        |    29 |    57 |    34 ||   120
       Skin              |    26 |    21 |     7 ||    54
Dodge: Dodged            |    33 |    66 |    32 ||   131
Block: Buckler           |    25 |    46 |    23 ||    94

Table legend: (Time is in decaauts)
 A = Elapsed time spent in this place.
 B = Non-inter-level travel time spent in this place.
 C = Inter-level travel time spent in this place.
 D = Time resting spent in this place.
 E = Time spent auto-exploring this place.
 F = Levels seen in this place.
 G = Mean time per level.
                   A        B        C        D        E       F      G
               +--------+--------+--------+--------+--------+-----+--------+
         Total |   4766 |   4657 |    109 |    374 |   3445 |   6 |  794.3 |
       Dungeon |   4689 |   4581 |    108 |    374 |   3380 |   5 |  937.8 |
        Temple |     76 |     75 |      1 |      0 |     65 |   1 |   76.0 |
               +--------+--------+--------+--------+--------+-----+--------+

Top non-repeatable levels by time:
     D:3: 1811 daAuts
     D:2: 987 daAuts
     D:4: 971 daAuts
     D:1: 789 daAuts
     D:5: 128 daAuts
  Temple: 76 daAuts
